 Dungeon Crawl Stone Soup version 0.22.1-2-g9c5b331 (webtiles) character file.

123 Tiagovsky the Poker (level 5, -2/41 HPs)
             Began as a Merfolk Skald on Jan 5, 2019.
             Slain by an orc priest
             ... wielding a cursed +0 hand axe
              (8 damage)
             ... on level 3 of the Dungeon.
             The game lasted 00:17:31 (3099 turns).

Tiagovsky the Poker (Merfolk Skald)                 Turns: 3099, Time: 00:17:31

Health: -2/41      AC:  6    Str: 11    XL:     5   Next: 7%
Magic:  8/9        EV: 12    Int: 13    God:
Gold:   49         SH:  0    Dex: 14    Spells: 8/9 levels left

rFire    . . .     SeeInvis .   a - +0 spear
rCold    . . .     Gourm    .   (no shield)
rNeg     . . .     Faith    .   p - +0 leather armour
rPois    .         Spirit   .   (no helmet)
rElec    .         Reflect  .   (no cloak)
rCorr    .         Harm     .   n - +2 pair of gloves
MR       .....                  (no boots)
Stlth    +.........             g - amulet of inaccuracy (curse)
HPRegen  0.13/turn              (no ring)
MPRegen  0.11/turn              (no ring)

@: infused
A: change form in water, swift swim, stealthy swim
a: no special abilities


You were on level 3 of the Dungeon.
You were not hungry.

You visited 1 branch of the dungeon, and saw 3 of its levels.

You collected 49 gold pieces.

Inventory:

Hand Weapons
 a - a +0 spear (weapon)
Missiles
 c - 18 sling bullets
 f - 38 stones (quivered)
Armour
 n - a +2 pair of gloves (worn)
 p - a +0 leather armour (worn)
Jewellery
 e - an uncursed amulet of magic regeneration
 g - a cursed amulet of inaccuracy (around neck)
Scrolls
 j - a scroll of teleportation
Potions
 k - 3 potions of flight
 m - a potion of cancellation
 o - a potion of agility {unknown}
Comestibles
 b - 2 chunks of flesh
 d - 2 rations


   Skills:
 + Level 3.3 Fighting
 + Level 4.5 Polearms
 - Level 0.6 Armour
 - Level 2.6 Dodging
 + Level 2.8 Spellcasting
 + Level 4.1 Charms


You had 8 spell levels left.
You knew the following spells:

 Your Spells              Type           Power        Failure   Level  Hunger
a - Infusion              Chrm           ##..         5%          1    #......

Your spell library contained the following spells:

 Spells                   Type           Power        Failure   Level  Hunger
 Song of Slaying          Chrm           ##......     9%          2    ###....
 Shroud of Golubria       Chrm/Tloc      #.........   21%         2    ###....
 Regeneration             Chrm/Necr      #.........   36%         3    ###....
 Spectral Weapon          Hex/Chrm       #.......     36%         3    ###....


Dungeon Overview and Level Annotations

Branches:
Dungeon (3/15)

Altars:


Message History

The orc priest hits you with a hand axe.
* * * LOW HITPOINT WARNING * * *
You feel better.
The orc priest calls down the wrath of Beogh upon you.
Pain shoots through your body!
* * * LOW HITPOINT WARNING * * *
Casting: Infusion (safe; 5% risk of failure)
Confirm with . or Enter, or press ? or * to list all spells.
You begin infusing your attacks with magical energy.
The orc priest misses you.
You closely miss the orc priest.
The orc priest is moderately wounded.
The orc priest hits you with a hand axe.
* * * LOW HITPOINT WARNING * * *
You closely miss the orc priest.
The orc priest is moderately wounded.
You closely miss the orc priest.
The orc priest is moderately wounded.
The orc priest hits you with a hand axe!
You die...

#...#...........#
###.#.#.##....#.#
...
#...........#.#.#
...
##.##...#####.#.#
...
#.......<)..#.#.#...
######.####.#.#.#.#
#.# #...#...#
#.####..(..#
#.##.....@o#
#.##.#......((... #.
#.####..(....( #
...#....( #..#.....
...# .... ##.# ...
.# ...


You could see an orc priest.

Vanquished Creatures
  5 adders
  4 oozes
  2 worms (D:2)
  A leopard gecko (D:2)
  4 orcs
  5 bats
  A giant cockroach (D:1)
  7 goblins
  4 hobgoblins
  5 kobolds (D:1)
  8 frilled lizards
  8 rats
54 creatures vanquished.

Notes
Turn   | Place    | Note
-------+----------+-------------------------------------------
     0 | D:1      | Tiagovsky the Merfolk Skald began the quest for the Orb.
     0 | D:1      | Reached XP level 1. HP: 16/16 MP: 3/3
   186 | D:1      | Reached XP level 2. HP: 19/23 MP: 5/5
   606 | D:1      | Reached XP level 3. HP: 27/28 MP: 6/6
  1909 | D:2      | Reached XP level 4. HP: 34/34 MP: 7/7
  2190 | D:2      | Found a faded altar of an unknown god.
  2752 | D:2      | Reached XP level 5. HP: 29/41 MP: 6/9
  3099 | D:3      | Slain by an orc priest

Skill      XL: |  1  2  3  4 |
---------------+-------------+-----
Polearms       | 4 |  4.5
Fighting       | 3 |  3.3
Charms         | 4 |  4.1
Armour         | |  0.6
Dodging        | |  2.6
Spellcasting   | |  2.8

Action                   |  1- 3 |  4- 6 || total
-------------------------+-------+-------++-------
Melee: Spear             |   138 |   110 ||   248
Throw: Stone             |    36 |    35 ||    71
 Cast: Infusion          |     3 |     5 ||     8
  Use: Potion            |       |     4 ||     4
       Scroll            |       |     3 ||     3
 Stab: Sleeping          |     2 |       ||     2
  Eat: Ration            |     1 |       ||     1
       Chunk             |       |     4 ||     4
Armor: Leather armour    |    42 |    19 ||    61
       Skin              |       |    11 ||    11
Dodge: Dodged            |    72 |    55 ||   127
